Flyers vs Flames

Created - December 5, 2019 at 19:08

Goals
1 2 3 T
Flyers 0 2 2 4
Flames 1 0 0 1
Shots
1 2 3 T
Flyers 11 10 10 31
Flames 17 5 16 38

1st period

1. Flames , Alexander Semin 6 (Patrik Berglund 11, Jordin Tootoo 5) at 13:22

Penalties :
Tomas Kubalik (Phi) for Tripping (Minor) at 6:42, Jeff Carter (Phi) for Holding Stick (Minor) at 14:16, Tim Ramholt (Cal) for Hooking (Minor) at 19:21

2nd period

2. Flyers , Mats Zuccarello 7 (J.T. Miller 10, Marcus Kruger 10) at 2:20
3. Flyers , Jakub Voracek 9 (Jeff Woywitka 8, Drew Miller 7) at 15:59 (PP)

Penalties :
Jordin Tootoo (Cal) for Interference (Minor) at 7:06, Mikhail Grabovski (Cal) for Tripping (Minor) at 10:29, Kyle Wellwood (Phi) for Tripping (Minor) at 13:27, Peter Prucha (Cal) for Interference (Minor) at 15:48, Erik Johnson (Cal) for Holding Stick (Minor) at 16:24

3rd period

4. Flyers , Jeff Carter 5 (Jakub Voracek 8, Drew Miller 8) at 8:48 (PP)
5. Flyers , Marcus Kruger 10 (Mats Zuccarello 14, J.T. Miller 11) at 10:30 (PP)

Penalties :
Steve Regier (Cal) for Tripping (Minor) at 7:44, Colby Robak (Cal) for Roughing (Minor) at 9:55, Jeff Carter (Phi) for Tripping (Minor) at 16:57

Goalie Stats

Cam Ward (Phi), 37 saves from 38 shots - (0.974), W, 3-2-0, 60:00 minutes
Jonas Gustavsson (Cal), 27 saves from 31 shots - (0.871), L, 11-4-1, 60:00 minutes

Players Stats for Flyers

Player Name              G  A  P  +/- PIM S  H  SB GA TA FO     MP     PP MP  PK MP  
------------------------------------------------------------------------------------
Brian Lashoff            0  0  0  -1  0   0  0  0  0  0  0/0    13:50   0:00   4:34 
Brock Nelson             0  0  0   0  0   1  2  0  0  0  0/0    11:42   0:00   0:00 
Chris Mcallister         0  0  0   0  0   0  3  1  0  0  0/1    11:59   0:03   4:27 
Drew Miller              0  2  2   0  0   5  3  0  0  2  0/1    20:38   6:33   2:31 
J.T. Miller              0  2  2   0  0   5  1  0  0  0  0/0    15:58   3:13   0:58 
Jakub Voracek            1  1  2   0  0   3  2  0  2  0  1/1    18:04   6:33   0:00 
Jeff Carter              1  0  1   0  4   4  3  0  1  0  14/30  17:59   6:30   0:03 
Jeff Woywitka            0  1  1  -1  0   2  0  1  0  2  0/0    23:08   7:02   4:34 
Jonathan Ericsson        0  0  0   0  0   0  0  3  1  1  0/0    24:22   7:02   0:00 
Kyle Wellwood            0  0  0   0  2   1  0  0  0  0  4/10   14:05   0:00   2:21 
Marcus Kruger            1  1  2   0  0   4  1  0  0  0  4/11   16:08   3:13   1:05 
Mats Zuccarello          1  1  2   0  0   2  2  1  1  0  0/1    14:54   3:13   0:00 
Matt Smaby               0  0  0   0  0   1  2  1  0  0  0/0    21:12   0:00   3:22 
Matthew Lombardi         0  0  0   0  0   1  1  0  1  0  3/8    11:42   0:00   4:27 
Nathan Beaulieu          0  0  0   1  0   0  1  0  0  0  0/0    15:40   2:44   0:00 
Oliver Ekman-Larsson     0  0  0   1  0   1  0  0  1  0  0/0    21:48   2:44   3:22 
Ryan Callahan            0  0  0   0  0   0  2  0  0  0  0/0     7:04   0:00   0:00 
Tomas Kubalik            0  0  0   0  2   1  2  1  0  0  0/1    11:47   0:00   0:00 

Players Stats for Flames

Player Name              G  A  P  +/- PIM S  H  SB GA TA FO     MP     PP MP  PK MP  
------------------------------------------------------------------------------------
Alexander Semin          1  0  1   0  0   3  0  0  1  1  0/1    21:06   3:40   5:19 
Brad Marchand            0  0  0   0  0   6  4  0  0  0  3/4    21:37   4:16   4:10 
Colby Robak              0  0  0   0  2   0  0  0  0  0  0/0     9:28   0:00   0:00 
Colin Wilson             0  0  0  -1  0   3  2  0  0  0  7/12   17:37   1:21   5:19 
David Backes             0  0  0   0  0   3  2  0  1  0  0/0    16:31   3:40   0:17 
David Ullstrom           0  0  0   0  0   1  0  0  0  0  0/0     6:52   0:00   0:00 
Derek Meech              0  0  0   1  0   0  1  1  0  3  0/0    25:31   2:17   7:19 
Eric Staal               0  0  0   0  0   4  1  0  0  0  20/36  22:00   3:32   4:10 
Erik Johnson             0  0  0   0  2   0  2  0  0  0  0/0    24:46   5:39   2:41 
Jordin Tootoo            0  1  1   0  2   0  1  0  0  0  1/1    13:41   0:00   0:00 
Kyle Palmieri            0  0  0   0  0   4  0  0  0  0  0/0    10:32   4:16   0:00 
Mikhail Grabovski        0  0  0   0  2   0  1  0  0  0  2/2     6:52   0:00   0:00 
Patrik Berglund          0  1  1   1  0   5  2  1  1  0  5/8    13:35   3:03   0:00 
Peter Prucha             0  0  0   0  2   1  2  0  0  0  0/0     9:44   0:00   0:00 
Sami Vatanen             0  0  0  -1  0   4  0  1  0  1  0/0    22:54   5:39   0:46 
Steve Eminger            0  0  0   0  0   2  0  1  1  0  0/0    21:57   0:00   5:47 
Steve Regier             0  0  0   0  2   2  0  0  1  0  0/0    10:02   0:00   0:17 
Tim Ramholt              0  0  0   0  2   0  0  0  0  2  0/0    15:22   2:17   2:59 

3 Stars

1 - Cam Ward (Phi)
2 - Mats Zuccarello (Phi)
3 - Jakub Voracek (Phi)

Power Play

Flyers - 3 on 7 Attempt(s) - 42.86%
Flames - 0 on 4 Attempt(s) - 0.00%

Penalty Kill

Flyers - 4 on 4 Attempt(s) - 100.00% - Score 0 goal in Penalty Kill
Flames - 4 on 7 Attempt(s) - 57.14% - Score 0 goal in Penalty Kill

Team Stat

Flyers - Hits : 25 - Faceoff Wins : 26 - Blocked Shots : 8 - Penalty Minutes : 8
Flames - Hits : 18 - Faceoff Wins : 38 - Blocked Shots : 4 - Penalty Minutes : 14

Official

Referees : Unknown
Linesman : Unknown

Game Notes

Patrik Berglund is injured at 15:34 of 3rd period (Broken Right Index Finger)

Finance

Level 1 -- Attendance: 5242 (87.37%) -- Ticket Income $581,862
Level 2 -- Attendance: 3817 (76.34%) -- Ticket Income $274,824
Level 3 -- Attendance: 1642 (82.10%) -- Ticket Income $77,174
Level 4 -- Attendance: 3565 (89.13%) -- Ticket Income $114,080
Luxury Box -- Attendance: 785 (78.50%) -- Ticket Income $146,795
Game was played at the Metal Center.
Total Attendance: 15051 (83.62%)
Total Ticket Income: $1,194,735
Other Income: $179,210
Total Income: $1,373,945

Flyers

5 vs 5 Forward 
   Center                   Left Wing                Right Wing               Time % Phy DF OF 
 1 Jeff Carter              Drew Miller              Jakub Voracek            30     0   1  4  
 2 Marcus Kruger            J.T. Miller              Mats Zuccarello          30     0   1  4  
 3 Kyle Wellwood            Brock Nelson             Tomas Kubalik            30     0   2  3  
 4 Matthew Lombardi         Chris Mcallister         Ryan Callahan            10     1   3  1  

5 vs 5 Defense 
   Defense                  Defense                                           Time % Phy DF OF 
 1 Matt Smaby               Jonathan Ericsson                                 40     1   2  2  
 2 Nathan Beaulieu          Oliver Ekman-Larsson                              30     1   2  2  
 3 Brian Lashoff            Jeff Woywitka                                     20     1   2  2  
 4 Oliver Ekman-Larsson     Jeff Woywitka                                     10     1   2  2  

PowerPlay Forward 
   Center                   Left Wing                Right Wing               Time % Phy DF OF 
 1 Jeff Carter              Drew Miller              Jakub Voracek            60     0   0  5  
 2 Marcus Kruger            J.T. Miller              Mats Zuccarello          40     0   0  5  

PowerPlay Defense
   Defense                  Defense                                           Time % Phy DF OF 
 1 Jonathan Ericsson        Jeff Woywitka                                     60     0   2  3  
 2 Oliver Ekman-Larsson     Nathan Beaulieu                                   40     0   2  3  

Penalty Kill 4 Players Forward 
   Center                   Wing                     Time % Phy DF OF 
 1 Matthew Lombardi         Chris Mcallister         60     0   4  1  
 2 Kyle Wellwood            Drew Miller              40     0   4  1  

Penalty Kill 4 Players Defense
   Defense                  Defense                  Time % Phy DF OF 
 1 Brian Lashoff            Jeff Woywitka            60     1   4  0  
 2 Matt Smaby               Oliver Ekman-Larsson     40     1   4  0  

Penalty Kill - 3 Players Forward 
   Forward                                           Time % Phy DF OF 
 1 Matthew Lombardi                                  60     0   4  1  
 2 Kyle Wellwood                                     40     0   4  1  

Penalty Kill - 3 Players Defense
   Defense                  Defense                  Time % Phy DF OF 
 1 Brian Lashoff            Jeff Woywitka            60     1   4  0  
 2 Matt Smaby               Oliver Ekman-Larsson     40     1   4  0  

4 vs 4 Forward 
   Center                   Wing                     Time % Phy DF OF 
 1 Jeff Carter              J.T. Miller              60     0   2  3  
 2 Marcus Kruger            Drew Miller              40     0   2  3  

4 vs 4 Defense
   Defense                  Defense                  Time % Phy DF OF 
 1 Jonathan Ericsson        Matt Smaby               60     0   3  2  
 2 Nathan Beaulieu          Oliver Ekman-Larsson     40     0   3  2  

Last Minutes Offensive
   Center                   Left Wing                Right Wing               Defense                  Defense                  
   Jeff Carter              Drew Miller              Jakub Voracek            Oliver Ekman-Larsson     Jeff Woywitka            

Last Minutes Defensive
   Center                   Left Wing                Right Wing               Defense                  Defense                  
   Jeff Carter              Drew Miller              Jakub Voracek            Oliver Ekman-Larsson     Jeff Woywitka            

Goaltenders
Starting : Cam Ward                 
Backup : Steve Mason              

Extra Forwards
Normal : Jeff Carter, Chris Mcallister, Kyle Wellwood - PP : Jeff Carter, Chris Mcallister - PK : Kyle Wellwood
Extra Defensemen
Normal : Brian Lashoff, Nathan Beaulieu, Matt Smaby - PP : Brian Lashoff - PK : Nathan Beaulieu, Matt Smaby
Penalty Shots
Jeff Carter, Jakub Voracek, J.T. Miller, Kyle Wellwood, Ryan Callahan

Scratches
None

Flames

5 vs 5 Forward 
   Center                   Left Wing                Right Wing               Time % Phy DF OF 
 1 Eric Staal               Brad Marchand            David Backes             40     2   2  1  
 2 Patrik Berglund          Alexander Semin          Jordin Tootoo            33     2   2  1  
 3 Colin Wilson             Steve Regier             Peter Prucha             19     2   2  1  
 4 Mikhail Grabovski        David Ullstrom           Kyle Palmieri            8      2   2  1  

5 vs 5 Defense 
   Defense                  Defense                                           Time % Phy DF OF 
 1 Erik Johnson             Sami Vatanen                                      38     2   2  1  
 2 Derek Meech              Steve Eminger                                     29     2   2  1  
 3 Colby Robak              Tim Ramholt                                       23     2   2  1  
 4 Derek Meech              Steve Eminger                                     10     2   2  1  

PowerPlay Forward 
   Center                   Left Wing                Right Wing               Time % Phy DF OF 
 1 Eric Staal               Alexander Semin          David Backes             60     1   0  4  
 2 Patrik Berglund          Brad Marchand            Kyle Palmieri            40     1   0  4  

PowerPlay Defense
   Defense                  Defense                                           Time % Phy DF OF 
 1 Erik Johnson             Sami Vatanen                                      60     1   1  3  
 2 Derek Meech              Tim Ramholt                                       40     1   1  3  

Penalty Kill 4 Players Forward 
   Center                   Wing                     Time % Phy DF OF 
 1 Colin Wilson             Alexander Semin          50     1   4  0  
 2 Eric Staal               Brad Marchand            50     1   4  0  

Penalty Kill 4 Players Defense
   Defense                  Defense                  Time % Phy DF OF 
 1 Derek Meech              Steve Eminger            58     1   4  0  
 2 Erik Johnson             Tim Ramholt              42     1   4  0  

Penalty Kill - 3 Players Forward 
   Forward                                           Time % Phy DF OF 
 1 Eric Staal                                        50     1   4  0  
 2 Brad Marchand                                     50     1   4  0  

Penalty Kill - 3 Players Defense
   Defense                  Defense                  Time % Phy DF OF 
 1 Derek Meech              Steve Eminger            58     1   4  0  
 2 Erik Johnson             Tim Ramholt              42     1   4  0  

4 vs 4 Forward 
   Center                   Wing                     Time % Phy DF OF 
 1 Eric Staal               Alexander Semin          60     2   2  1  
 2 Patrik Berglund          David Backes             40     2   2  1  

4 vs 4 Defense
   Defense                  Defense                  Time % Phy DF OF 
 1 Erik Johnson             Sami Vatanen             60     2   2  1  
 2 Derek Meech              Steve Eminger            40     2   2  1  

Last Minutes Offensive
   Center                   Left Wing                Right Wing               Defense                  Defense                  
   Eric Staal               Alexander Semin          David Backes             Erik Johnson             Sami Vatanen             

Last Minutes Defensive
   Center                   Left Wing                Right Wing               Defense                  Defense                  
   Eric Staal               Alexander Semin          David Backes             Erik Johnson             Steve Eminger            

Goaltenders
Starting : Jonas Gustavsson         
Backup : Pekka Rinne              

Extra Forwards
Normal : Brad Marchand, Jordin Tootoo, Patrik Berglund - PP : Patrik Berglund, Colin Wilson - PK : David Backes
Extra Defensemen
Normal : Derek Meech, Steve Eminger, Tim Ramholt - PP : Derek Meech - PK : Erik Johnson, Tim Ramholt
Penalty Shots
Eric Staal, Alexander Semin, David Backes, Brad Marchand, Patrik Berglund

Scratches
Brendan Mikkelson (Bruised Left Arm Injury)

% Time on Ice - Flyers

Lines # - Real PCT - Wanted PCT - Time Play
Normal Forward
1 - 28% - 30% - 11:48
2 - 28% - 30% - 11:44
3 - 28% - 30% - 11:42
4 - 17% - 10% - 7:04
Normal Defense
1 - 42% - 40% - 17:52
2 - 31% - 30% - 13:05
3 - 21% - 20% - 8:44
4 - 6% - 10% - 2:37
PP Forward
1 - 67% - 60% - 6:33
2 - 33% - 40% - 3:13
PP Defense
1 - 72% - 60% - 7:02
2 - 28% - 40% - 2:44
PK Forward
1 - 68% - 60% - 5:25
2 - 32% - 40% - 2:31
PK Defense
1 - 58% - 60% - 4:34
2 - 42% - 40% - 3:22
PK3 Forward
1 - 0% - 60%
2 - 0% - 40%
PK3 Defense
1 - 0% - 60%
2 - 0% - 40%
44 Forward
1 - 0% - 60%
2 - 0% - 40%
44 Defense
1 - 0% - 60%
2 - 0% - 40%
Last Minute Offensive  - 0:00
Last Minute Defensive  - 0:00
Total
Forward - 60:00
Defense - 60:00

% Time on Ice - Flames

Lines # - Real PCT - Wanted PCT - Time Play
Normal Forward
1 - 32% - 40% - 13:35
2 - 29% - 33% - 12:06
3 - 23% - 19% - 9:45
4 - 16% - 8% - 6:52
Normal Defense
1 - 40% - 38% - 17:01
2 - 33% - 29% - 13:53
3 - 22% - 23% - 9:29
4 - 5% - 10% - 1:55
PP Forward
1 - 46% - 60% - 3:40
2 - 54% - 40% - 4:16
PP Defense
1 - 71% - 60% - 5:39
2 - 29% - 40% - 2:17
PK Forward
1 - 55% - 50% - 5:21
2 - 45% - 50% - 4:25
PK Defense
1 - 59% - 58% - 5:48
2 - 41% - 42% - 3:58
PK3 Forward
1 - 0% - 50%
2 - 0% - 50%
PK3 Defense
1 - 0% - 58%
2 - 0% - 42%
44 Forward
1 - 0% - 60%
2 - 0% - 40%
44 Defense
1 - 0% - 60%
2 - 0% - 40%
Last Minute Offensive  - 0:00
Last Minute Defensive  - 0:00
Total
Forward - 60:00
Defense - 60:00

Play-by-Play

1st period


0:01 of 1st period - Jeff Carter wins face-off versus Eric Staal in neutral zone.
0:06 of 1st period - Wrist shot by Drew Miller.
0:06 of 1st period - Shot Blocked by Sami Vatanen.
0:26 of 1st period - Alexander Semin is hit by Marcus Kruger and loses puck.
0:32 of 1st period - Off-side.
0:33 of 1st period - Marcus Kruger wins face-off versus Colin Wilson in neutral zone.
0:36 of 1st period - Slapshot by Oliver Ekman-Larsson.
0:36 of 1st period - Stopped by Jonas Gustavsson with a rebound.
0:48 of 1st period - Snap shot by Steve Regier.
0:48 of 1st period - Stopped by Cam Ward with a rebound.
0:56 of 1st period - Wrist shot by J.T. Miller.
0:56 of 1st period - Stopped by Jonas Gustavsson without a rebound.
0:57 of 1st period - Patrik Berglund wins face-off versus Tomas Kubalik in Flames zone.
0:57 of 1st period - Patrik Berglund is hit by Brock Nelson.
1:07 of 1st period - Wrist shot by Kyle Wellwood.
1:07 of 1st period - Deflect By Tomas Kubalik.
1:07 of 1st period - Shot Misses the Net.
1:07 of 1st period - Puck is out of play.
1:08 of 1st period - Eric Staal wins face-off versus Kyle Wellwood in Flames zone.
1:35 of 1st period - Oliver Ekman-Larsson is hit by Patrik Berglund and loses puck.
1:58 of 1st period - Slapshot by Tomas Kubalik.
1:58 of 1st period - Stopped by Jonas Gustavsson with a rebound.
2:04 of 1st period - Jeff Woywitka is hit by Mikhail Grabovski and loses puck.
2:19 of 1st period - Wrist shot by Jeff Carter.
2:19 of 1st period - Stopped by Jonas Gustavsson without a rebound.
2:20 of 1st period - Colin Wilson wins face-off versus Jeff Carter in Flames zone.
2:20 of 1st period - Colin Wilson is hit by Jakub Voracek.
2:39 of 1st period - Icing by Steve Eminger.
2:40 of 1st period - Colin Wilson wins face-off versus Matthew Lombardi in Flames zone.
3:13 of 1st period - Steve Regier is hit by Chris Mcallister and loses puck.
4:49 of 1st period - Wrist shot by Matthew Lombardi.
4:49 of 1st period - Stopped by Jonas Gustavsson without a rebound.
4:50 of 1st period - Marcus Kruger wins face-off versus Eric Staal in Flames zone.
5:01 of 1st period - Snap shot by J.T. Miller.
5:01 of 1st period - Shot Misses the Net.
5:24 of 1st period - Slapshot by Jeff Carter.
5:24 of 1st period - Stopped by Jonas Gustavsson without a rebound.
5:25 of 1st period - Patrik Berglund wins face-off versus Jeff Carter in Flames zone.
5:30 of 1st period - Jakub Voracek is hit by Jordin Tootoo and loses puck.
5:37 of 1st period - Wrist shot by Patrik Berglund.
5:37 of 1st period - Stopped by Cam Ward without a rebound.
5:38 of 1st period - Brad Marchand wins face-off versus Marcus Kruger in Flyers zone.
5:39 of 1st period - Wrist shot by David Backes.
5:39 of 1st period - Stopped by Cam Ward without a rebound.
5:40 of 1st period - Eric Staal wins face-off versus Mats Zuccarello in Flyers zone.
5:57 of 1st period - Wrist shot by Marcus Kruger.
5:57 of 1st period - Stopped by Jonas Gustavsson without a rebound.
5:58 of 1st period - Jeff Carter wins face-off versus Patrik Berglund in Flames zone.
6:37 of 1st period - Snap shot by Brad Marchand.
6:37 of 1st period - Stopped by Cam Ward without a rebound.
6:38 of 1st period - Mikhail Grabovski wins face-off versus Kyle Wellwood in Flyers zone.
6:42 of 1st period - Minor Penalty to Tomas Kubalik for Tripping.
6:43 of 1st period - Eric Staal wins face-off versus Matthew Lombardi in Flyers zone.
8:19 of 1st period - Wrist shot by Brad Marchand.
8:19 of 1st period - Stopped by Cam Ward with a rebound.
8:21 of 1st period - Slapshot by Erik Johnson.
8:21 of 1st period - Shot Blocked by Jeff Woywitka.
8:23 of 1st period - Wrist shot by Kyle Palmieri.
8:23 of 1st period - Deflect By Brad Marchand.
8:23 of 1st period - Stopped by Cam Ward without a rebound.
8:24 of 1st period - Matthew Lombardi wins face-off versus Eric Staal in Flyers zone.
8:42 of 1st period - Penalty to Tomas Kubalik is over, Tomas Kubalik is back on ice.
10:50 of 1st period - Off-side.
10:51 of 1st period - Eric Staal wins face-off versus Matthew Lombardi in neutral zone.
10:54 of 1st period - Chris Mcallister is hit by Erik Johnson and loses puck.
11:40 of 1st period - Derek Meech is hit by Matt Smaby and loses puck.
12:17 of 1st period - Snap shot by Patrik Berglund.
12:17 of 1st period - Stopped by Cam Ward with a rebound.
12:33 of 1st period - Steve Eminger is hit by Ryan Callahan and loses puck.
12:50 of 1st period - Snap shot by J.T. Miller.
12:50 of 1st period - Stopped by Jonas Gustavsson with a rebound.
13:22 of 1st period - Snap shot by Alexander Semin.
13:22 of 1st period - Goal by Alexander Semin - Flyers : 0 - Flames : 1.
13:23 of 1st period - Kyle Wellwood wins face-off versus Eric Staal in neutral zone.
13:55 of 1st period - Icing by Tomas Kubalik.
13:56 of 1st period - Colin Wilson wins face-off versus Kyle Wellwood in Flyers zone.
14:01 of 1st period - Snap shot by Steve Regier.
14:01 of 1st period - Shot Misses the Net.
14:03 of 1st period - Slapshot by Colby Robak.
14:03 of 1st period - Shot Blocked by Jonathan Ericsson.
14:05 of 1st period - Wrist shot by Steve Regier.
14:05 of 1st period - Stopped by Cam Ward without a rebound.
14:06 of 1st period - Eric Staal wins face-off versus Jeff Carter in Flyers zone.
14:07 of 1st period - Snap shot by Brad Marchand.
14:07 of 1st period - Stopped by Cam Ward with a rebound.
14:16 of 1st period - Minor Penalty to Jeff Carter for Holding Stick.
14:17 of 1st period - Matthew Lombardi wins face-off versus Alexander Semin in Flyers zone.
14:49 of 1st period - Brian Lashoff is hit by Brad Marchand and loses puck.
16:14 of 1st period - Colin Wilson is hit by J.T. Miller and loses puck.
16:16 of 1st period - Penalty to Jeff Carter is over, Jeff Carter is back on ice.
16:21 of 1st period - Wrist shot by Jeff Carter.
16:21 of 1st period - Deflect By Marcus Kruger.
16:21 of 1st period - Stopped by Jonas Gustavsson without a rebound.
16:22 of 1st period - Jeff Carter wins face-off versus Colin Wilson in Flames zone.
16:25 of 1st period - Slapshot by Drew Miller.
16:25 of 1st period - Stopped by Jonas Gustavsson with a rebound.
16:31 of 1st period - Peter Prucha is hit by Jeff Carter and loses puck.
16:47 of 1st period - Nathan Beaulieu is hit by Peter Prucha and loses puck.
16:54 of 1st period - Wrist shot by Steve Regier.
16:54 of 1st period - Shot Misses the Net.
16:58 of 1st period - Snap shot by Colin Wilson.
16:58 of 1st period - Stopped by Cam Ward without a rebound.
16:59 of 1st period - Eric Staal wins face-off versus Kyle Wellwood in Flyers zone.
18:17 of 1st period - Slapshot by Peter Prucha.
18:17 of 1st period - Shot Misses the Net.
18:19 of 1st period - Backhand shot by Peter Prucha.
18:19 of 1st period - Stopped by Cam Ward with a rebound.
18:21 of 1st period - Snap shot by Sami Vatanen.
18:21 of 1st period - Stopped by Cam Ward with a rebound.
18:23 of 1st period - Slapshot by Sami Vatanen.
18:23 of 1st period - Stopped by Cam Ward without a rebound.
18:24 of 1st period - Marcus Kruger wins face-off versus Patrik Berglund in Flyers zone.
18:51 of 1st period - Brock Nelson is hit by David Backes and loses puck.
18:56 of 1st period - Wrist shot by David Backes.
18:56 of 1st period - Deflect By Jonathan Ericsson.
18:56 of 1st period - Stopped by Cam Ward with a rebound.
18:58 of 1st period - Slapshot by Tim Ramholt.
18:58 of 1st period - Shot Misses the Net.
19:00 of 1st period - Snap shot by David Backes.
19:00 of 1st period - Stopped by Cam Ward with a rebound.
19:02 of 1st period - Snap shot by Eric Staal.
19:02 of 1st period - Stopped by Cam Ward with a rebound.
19:21 of 1st period - Minor Penalty to Tim Ramholt for Hooking.
19:22 of 1st period - Jeff Carter wins face-off versus Colin Wilson in Flames zone.
19:38 of 1st period - Slapshot by Jeff Carter.
19:38 of 1st period - Shot Misses the Net.
19:52 of 1st period - Snap shot by J.T. Miller.
19:52 of 1st period - Deflect By Mats Zuccarello.
19:52 of 1st period - Shot Blocked by Steve Eminger.
19:52 of 1st period - Puck is out of play.
19:53 of 1st period - Jeff Carter wins face-off versus Eric Staal in Flames zone.
19:54 of 1st period - Wrist shot by Drew Miller.
19:54 of 1st period - Stopped by Jonas Gustavsson with a rebound.
Goals for this period are 0 for Flyers vs 1 for Flames.
Shots for this period are 11 for Flyers vs 17 for Flames.

2nd period


0:01 of 2nd period - Eric Staal wins face-off versus Jeff Carter in neutral zone.
0:17 of 2nd period - Wrist shot by Jakub Voracek.
0:17 of 2nd period - Stopped by Jonas Gustavsson with a rebound.
0:28 of 2nd period - Icing by J.T. Miller.
0:29 of 2nd period - Colin Wilson wins face-off versus Marcus Kruger in Flyers zone.
0:56 of 2nd period - Marcus Kruger is hit by Brad Marchand.
1:21 of 2nd period - Penalty to Tim Ramholt is over, Tim Ramholt is back on ice.
2:20 of 2nd period - Snap shot by Mats Zuccarello.
2:20 of 2nd period - Goal by Mats Zuccarello - Flyers : 1 - Flames : 1.
2:21 of 2nd period - Eric Staal wins face-off versus Kyle Wellwood in neutral zone.
2:47 of 2nd period - Sami Vatanen is hit by Drew Miller and loses puck.
2:56 of 2nd period - Derek Meech is hit by Jeff Carter and loses puck.
3:08 of 2nd period - Icing by Derek Meech.
3:09 of 2nd period - Eric Staal wins face-off versus Matthew Lombardi in Flames zone.
3:35 of 2nd period - Off-side.
3:36 of 2nd period - Patrik Berglund wins face-off versus Kyle Wellwood in neutral zone.
3:39 of 2nd period - Slapshot by Sami Vatanen.
3:39 of 2nd period - Stopped by Cam Ward with a rebound.
3:41 of 2nd period - Slapshot by Patrik Berglund.
3:41 of 2nd period - Shot Misses the Net.
3:43 of 2nd period - Wrist shot by Jordin Tootoo.
3:43 of 2nd period - Shot Misses the Net.
4:23 of 2nd period - Snap shot by Kyle Wellwood.
4:23 of 2nd period - Stopped by Jonas Gustavsson without a rebound.
4:24 of 2nd period - Patrik Berglund wins face-off versus Jeff Carter in Flames zone.
4:24 of 2nd period - Patrik Berglund is hit by Drew Miller.
5:22 of 2nd period - Snap shot by David Ullstrom.
5:22 of 2nd period - Shot Blocked by Chris Mcallister.
6:24 of 2nd period - Wrist shot by Eric Staal.
6:24 of 2nd period - Stopped by Cam Ward without a rebound.
6:25 of 2nd period - Jeff Carter wins face-off versus Eric Staal in Flyers zone.
7:06 of 2nd period - Minor Penalty to Jordin Tootoo for Interference.
7:07 of 2nd period - Colin Wilson wins face-off versus Jeff Carter in Flames zone.
7:07 of 2nd period - Colin Wilson is hit by Drew Miller.
7:18 of 2nd period - Slapshot by Jeff Carter.
7:18 of 2nd period - Shot Misses the Net.
7:34 of 2nd period - Nathan Beaulieu is hit by Colin Wilson and loses puck.
7:43 of 2nd period - Slapshot by Jeff Woywitka.
7:43 of 2nd period - Deflect By Derek Meech.
7:43 of 2nd period - Stopped by Jonas Gustavsson with a rebound.
7:45 of 2nd period - Slapshot by Jeff Woywitka.
7:45 of 2nd period - Stopped by Jonas Gustavsson with a rebound.
7:55 of 2nd period - Steve Eminger is hit by Jeff Carter and loses puck.
9:06 of 2nd period - Penalty to Jordin Tootoo is over, Jordin Tootoo is back on ice.
9:10 of 2nd period - Eric Staal is hit by Tomas Kubalik and loses puck.
9:25 of 2nd period - Slapshot by Sami Vatanen.
9:25 of 2nd period - Stopped by Cam Ward with a rebound.
9:39 of 2nd period - Erik Johnson is hit by Chris Mcallister.
9:51 of 2nd period - Tomas Kubalik is hit by Brad Marchand and loses puck.
10:00 of 2nd period - Brad Marchand is hit by Tomas Kubalik and loses puck.
10:29 of 2nd period - Minor Penalty to Mikhail Grabovski for Tripping.
10:30 of 2nd period - Jeff Carter wins face-off versus Colin Wilson in Flames zone.
10:43 of 2nd period - Slapshot by Jeff Woywitka.
10:43 of 2nd period - Shot Misses the Net.
10:45 of 2nd period - Slapshot by Jakub Voracek.
10:45 of 2nd period - Deflect By Drew Miller.
10:45 of 2nd period - Stopped by Jonas Gustavsson without a rebound.
10:46 of 2nd period - Colin Wilson wins face-off versus Jeff Carter in Flames zone.
12:07 of 2nd period - Slapshot by Jeff Carter.
12:07 of 2nd period - Shot Misses the Net.
12:09 of 2nd period - Wrist shot by Drew Miller.
12:09 of 2nd period - Shot Misses the Net.
12:11 of 2nd period - Snap shot by Jeff Woywitka.
12:11 of 2nd period - Shot Blocked by Derek Meech.
12:29 of 2nd period - Penalty to Mikhail Grabovski is over, Mikhail Grabovski is back on ice.
12:29 of 2nd period - Snap shot by Drew Miller.
12:29 of 2nd period - Deflect By Colin Wilson.
12:29 of 2nd period - Shot Misses the Net.
12:29 of 2nd period - Puck is out of play.
12:30 of 2nd period - Mikhail Grabovski wins face-off versus Marcus Kruger in Flames zone.
12:57 of 2nd period - Kyle Wellwood is hit by David Backes and loses puck.
13:04 of 2nd period - Wrist shot by Eric Staal.
13:04 of 2nd period - Deflect By David Backes.
13:04 of 2nd period - Shot Blocked by Tomas Kubalik.
13:04 of 2nd period - Puck is out of play.
13:05 of 2nd period - Kyle Wellwood wins face-off versus Eric Staal in Flyers zone.
13:10 of 2nd period - Slapshot by Oliver Ekman-Larsson.
13:10 of 2nd period - Shot Misses the Net.
13:27 of 2nd period - Minor Penalty to Kyle Wellwood for Tripping.
13:28 of 2nd period - Matthew Lombardi wins face-off versus Eric Staal in Flyers zone.
13:28 of 2nd period - Matthew Lombardi is hit by Erik Johnson.
13:44 of 2nd period - Snap shot by Alexander Semin.
13:44 of 2nd period - Shot Misses the Net.
14:12 of 2nd period - Jeff Woywitka is hit by Derek Meech and loses puck.
15:27 of 2nd period - Penalty to Kyle Wellwood is over, Kyle Wellwood is back on ice.
15:41 of 2nd period - Kyle Wellwood is hit by Colin Wilson.
15:45 of 2nd period - Wrist shot by Brock Nelson.
15:45 of 2nd period - Stopped by Jonas Gustavsson without a rebound.
15:46 of 2nd period - Colin Wilson wins face-off versus Jeff Carter in Flames zone.
15:48 of 2nd period - Minor Penalty to Peter Prucha for Interference.
15:49 of 2nd period - Brad Marchand wins face-off versus Jeff Carter in Flames zone.
15:59 of 2nd period - Snap shot by Jakub Voracek.
15:59 of 2nd period - Goal by Jakub Voracek - Flyers : 2 - Flames : 1.
16:00 of 2nd period - Eric Staal wins face-off versus Jeff Carter in neutral zone.
16:03 of 2nd period - Snap shot by Brad Marchand.
16:03 of 2nd period - Stopped by Cam Ward with a rebound.
16:11 of 2nd period - Slapshot by Drew Miller.
16:11 of 2nd period - Stopped by Jonas Gustavsson without a rebound.
16:12 of 2nd period - Jeff Carter wins face-off versus Eric Staal in Flames zone.
16:21 of 2nd period - Slapshot by Jakub Voracek.
16:21 of 2nd period - Stopped by Jonas Gustavsson without a rebound.
16:22 of 2nd period - Eric Staal wins face-off versus Drew Miller in Flames zone.
16:24 of 2nd period - Minor Penalty to Erik Johnson for Holding Stick.
16:25 of 2nd period - Jakub Voracek wins face-off versus Eric Staal in Flames zone.
16:38 of 2nd period - Wrist shot by Brad Marchand.
16:38 of 2nd period - Stopped by Cam Ward with a rebound.
17:30 of 2nd period - Tim Ramholt is hit by Mats Zuccarello and loses puck.
18:24 of 2nd period - Penalty to Erik Johnson is over, Erik Johnson is back on ice.
18:31 of 2nd period - Kyle Palmieri is hit by Chris Mcallister and loses puck.
19:02 of 2nd period - Colin Wilson is hit by Ryan Callahan and loses puck.
Goals for this period are 2 for Flyers vs 0 for Flames.
Shots for this period are 10 for Flyers vs 5 for Flames.

3rd period


0:01 of 3rd period - Jeff Carter wins face-off versus Eric Staal in neutral zone.
0:37 of 3rd period - Backhand shot by Mats Zuccarello.
0:37 of 3rd period - Stopped by Jonas Gustavsson without a rebound.
0:38 of 3rd period - Jeff Carter wins face-off versus Patrik Berglund in Flames zone.
1:07 of 3rd period - Backhand shot by Eric Staal.
1:07 of 3rd period - Deflect By J.T. Miller.
1:07 of 3rd period - Stopped by Cam Ward without a rebound.
1:08 of 3rd period - Marcus Kruger wins face-off versus Eric Staal in Flyers zone.
1:08 of 3rd period - Marcus Kruger is hit by Eric Staal.
1:20 of 3rd period - Snap shot by Marcus Kruger.
1:20 of 3rd period - Stopped by Jonas Gustavsson without a rebound.
1:21 of 3rd period - Jeff Carter wins face-off versus Eric Staal in Flames zone.
1:30 of 3rd period - Snap shot by Eric Staal.
1:30 of 3rd period - Stopped by Cam Ward with a rebound.
1:32 of 3rd period - Snap shot by Eric Staal.
1:32 of 3rd period - Shot Blocked by Matt Smaby.
1:48 of 3rd period - Jordin Tootoo is hit by Matt Smaby and loses puck.
1:57 of 3rd period - Slapshot by Alexander Semin.
1:57 of 3rd period - Deflect By Patrik Berglund.
1:57 of 3rd period - Shot Blocked by Jonathan Ericsson.
1:57 of 3rd period - Puck is out of play.
1:58 of 3rd period - Brad Marchand wins face-off versus Marcus Kruger in Flyers zone.
2:13 of 3rd period - Icing by Derek Meech.
2:14 of 3rd period - Eric Staal wins face-off versus Jeff Carter in Flames zone.
2:51 of 3rd period - Snap shot by Alexander Semin.
2:51 of 3rd period - Stopped by Cam Ward without a rebound.
2:52 of 3rd period - Kyle Wellwood wins face-off versus Colin Wilson in Flyers zone.
2:52 of 3rd period - Kyle Wellwood is hit by Peter Prucha.
3:41 of 3rd period - Slapshot by J.T. Miller.
3:41 of 3rd period - Stopped by Jonas Gustavsson with a rebound.
3:43 of 3rd period - Wrist shot by J.T. Miller.
3:43 of 3rd period - Stopped by Jonas Gustavsson with a rebound.
4:11 of 3rd period - Snap shot by David Ullstrom.
4:11 of 3rd period - Shot Blocked by Jonathan Ericsson.
4:13 of 3rd period - Snap shot by David Ullstrom.
4:13 of 3rd period - Stopped by Cam Ward without a rebound.
4:14 of 3rd period - Jeff Carter wins face-off versus Eric Staal in Flyers zone.
4:45 of 3rd period - Wrist shot by Alexander Semin.
4:45 of 3rd period - Stopped by Cam Ward with a rebound.
5:23 of 3rd period - Kyle Palmieri is hit by Matthew Lombardi.
5:45 of 3rd period - Colby Robak is hit by Jakub Voracek and loses puck.
6:04 of 3rd period - Kyle Wellwood is hit by Patrik Berglund and loses puck.
6:46 of 3rd period - Snap shot by Matt Smaby.
6:46 of 3rd period - Stopped by Jonas Gustavsson with a rebound.
7:44 of 3rd period - Minor Penalty to Steve Regier for Tripping.
7:45 of 3rd period - Eric Staal wins face-off versus Jeff Carter in Flames zone.
7:56 of 3rd period - Snap shot by Drew Miller.
7:56 of 3rd period - Stopped by Jonas Gustavsson with a rebound.
7:58 of 3rd period - Wrist shot by Jeff Carter.
7:58 of 3rd period - Stopped by Jonas Gustavsson without a rebound.
7:59 of 3rd period - Eric Staal wins face-off versus Jeff Carter in Flames zone.
8:48 of 3rd period - Snap shot by Jeff Carter.
8:48 of 3rd period - Goal by Jeff Carter - Flyers : 3 - Flames : 1.
8:49 of 3rd period - Eric Staal wins face-off versus Marcus Kruger in neutral zone.
8:52 of 3rd period - Slapshot by Sami Vatanen.
8:52 of 3rd period - Deflect By Brad Marchand.
8:52 of 3rd period - Shot Misses the Net.
8:52 of 3rd period - Puck is out of play.
8:53 of 3rd period - Eric Staal wins face-off versus Marcus Kruger in Flyers zone.
8:56 of 3rd period - Snap shot by Eric Staal.
8:56 of 3rd period - Shot Blocked by Mats Zuccarello.
9:24 of 3rd period - Snap shot by Patrik Berglund.
9:24 of 3rd period - Stopped by Cam Ward with a rebound.
9:55 of 3rd period - Minor Penalty to Colby Robak for Roughing.
9:56 of 3rd period - Jeff Carter wins face-off versus Eric Staal in Flames zone.
10:30 of 3rd period - Snap shot by Marcus Kruger.
10:30 of 3rd period - Goal by Marcus Kruger - Flyers : 4 - Flames : 1.
10:31 of 3rd period - Eric Staal wins face-off versus Jeff Carter in neutral zone.
12:22 of 3rd period - Snap shot by Patrik Berglund.
12:22 of 3rd period - Stopped by Cam Ward with a rebound.
12:30 of 3rd period - Slapshot by Steve Eminger.
12:30 of 3rd period - Stopped by Cam Ward with a rebound.
13:02 of 3rd period - Wrist shot by Ryan Callahan.
13:02 of 3rd period - Shot Misses the Net.
13:22 of 3rd period - Brad Marchand is hit by Brock Nelson and loses puck.
13:45 of 3rd period - Wrist shot by J.T. Miller.
13:45 of 3rd period - Stopped by Jonas Gustavsson without a rebound.
13:46 of 3rd period - Patrik Berglund wins face-off versus Marcus Kruger in Flames zone.
13:55 of 3rd period - Snap shot by Jordin Tootoo.
13:55 of 3rd period - Shot Misses the Net.
14:22 of 3rd period - Wrist shot by Patrik Berglund.
14:22 of 3rd period - Stopped by Cam Ward without a rebound.
14:23 of 3rd period - Eric Staal wins face-off versus Jeff Carter in Flyers zone.
14:24 of 3rd period - Wrist shot by Brad Marchand.
14:24 of 3rd period - Shot Misses the Net.
15:34 of 3rd period - Slapshot by Jakub Voracek.
15:34 of 3rd period - Shot Blocked by Patrik Berglund.
15:34 of 3rd period - Patrik Berglund from Flames is injured at 15:34 of 3rd period (Broken Right Index Finger).
15:35 of 3rd period - Kyle Wellwood wins face-off versus Eric Staal in Flames zone.
16:07 of 3rd period - Eric Staal is hit by Nathan Beaulieu and loses puck.
16:32 of 3rd period - Colin Wilson is hit by Mats Zuccarello.
16:52 of 3rd period - Snap shot by Kyle Palmieri.
16:52 of 3rd period - Stopped by Cam Ward with a rebound.
16:54 of 3rd period - Slapshot by Steve Eminger.
16:54 of 3rd period - Deflect By Brock Nelson.
16:54 of 3rd period - Stopped by Cam Ward without a rebound.
16:55 of 3rd period - Jeff Carter wins face-off versus Brad Marchand in Flyers zone.
16:57 of 3rd period - Minor Penalty to Jeff Carter for Tripping.
16:58 of 3rd period - Eric Staal wins face-off versus Chris Mcallister in Flyers zone.
17:47 of 3rd period - Off-side.
17:48 of 3rd period - Eric Staal wins face-off versus Matthew Lombardi in neutral zone.
18:13 of 3rd period - Drew Miller is hit by Brad Marchand and loses puck.
18:39 of 3rd period - Snap shot by J.T. Miller.
18:39 of 3rd period - Shot Misses the Net.
18:45 of 3rd period - Slapshot by Erik Johnson.
18:45 of 3rd period - Shot Misses the Net.
18:47 of 3rd period - Snap shot by Brad Marchand.
18:47 of 3rd period - Deflect By Colin Wilson.
18:47 of 3rd period - Stopped by Cam Ward with a rebound.
18:49 of 3rd period - Wrist shot by Erik Johnson.
18:49 of 3rd period - Deflect By Kyle Palmieri.
18:49 of 3rd period - Stopped by Cam Ward with a rebound.
18:53 of 3rd period - Snap shot by Kyle Palmieri.
18:53 of 3rd period - Stopped by Cam Ward with a rebound.
18:55 of 3rd period - Slapshot by Sami Vatanen.
18:55 of 3rd period - Shot Misses the Net.
18:57 of 3rd period - Penalty to Jeff Carter is over, Jeff Carter is back on ice.
18:57 of 3rd period - Snap shot by Kyle Palmieri.
18:57 of 3rd period - Shot Misses the Net.
18:59 of 3rd period - Wrist shot by Kyle Palmieri.
18:59 of 3rd period - Stopped by Cam Ward with a rebound.
19:01 of 3rd period - Snap shot by Kyle Palmieri.
19:01 of 3rd period - Deflect By Colin Wilson.
19:01 of 3rd period - Stopped by Cam Ward without a rebound.
19:02 of 3rd period - Jordin Tootoo wins face-off versus Jeff Carter in Flyers zone.
Goals for this period are 2 for Flyers vs 0 for Flames.
Shots for this period are 10 for Flyers vs 16 for Flames.